 Dungeon Crawl Stone Soup version 0.28-a0-983-g1de4e0787c (webtiles) character file.

Game seed: 6513699433538297511

14 ragingrage the Sneak (level 2, -3/24 HPs)
             Began as a Merfolk Delver on Dec 2, 2021.
             Slain by a necrophage (4 damage)
             ... on level 5 of the Dungeon.
             The game lasted 00:01:14 (753 turns).

ragingrage the Sneak (Merfolk Delver)                Turns: 753, Time: 00:01:14

Health: -3/24      AC:  3    Str: 12    XL:     2   Next: 41%
Magic:  2/2        EV: 12    Int:  9    God:
Gold:   69         SH:  0    Dex: 15    Spells: 1/1 levels left

rFire   . . .      SeeInvis .   a - +0 spear
rCold   . . .      Faith    .   (no shield)
rNeg    . . .      Spirit   .   b - +0 leather armour
rPois   .          Reflect  .   (no helmet)
rElec   .          Harm     .   (no cloak)
rCorr   .          Rampage  .   (no gloves)
Will    .....                   (no boots)
Stlth   +++.......              (no amulet)
HPRegen 0.08/turn               (no ring)
MPRegen 0.08/turn               (no ring)

@: no status effects
A: (nimble swimmer 2), mertail
a: no special abilities


You were on level 5 of the Dungeon.
You visited 1 branch of the dungeon, and saw 4 of its levels.

You collected 69 gold pieces.

Inventory:

Hand Weapons
 a - a +0 spear (weapon)
Missiles
 k - 3 javelins (quivered)
Armour
 b - a +0 leather armour (worn)
Wands
 g - a wand of digging (3)
Scrolls
 c - a scroll of fog
 d - a scroll of magic mapping
 e - a scroll of fear
 h - a scroll of torment {unknown}
Potions
 f - a potion of haste
 i - a potion of lignification {unknown}
 j - a potion of resistance {unknown}


   Skills:
 - Level 3.2 Fighting
 * Level 4.4 Polearms
 - Level 2.6 Dodging
 - Level 5.4 Stealth


You had one spell level left.
You didn't know any spells.
Your spell library was empty.

Dungeon Overview and Level Annotations

Branches:
Dungeon (7/15)
 Temple: D:4-7

Altars:

Annotations:
D:5 exclusions: door and upstairs, Eustachio
D:6 exclusion: downstairs


Innate Abilities, Weirdness & Mutations

((You are quick and stealthy near water. (Stealth+, EV+, Speed+++)))
Your lower body shifts to a powerful aquatic tail in water.


Message History

It's broken and can't be closed.
It's broken and can't be closed.
It's broken and can't be closed.
It's broken and can't be closed.
It's broken and can't be closed.
It's broken and can't be closed.
It's broken and can't be closed.
It's broken and can't be closed.
It's broken and can't be closed.
It's broken and can't be closed.
It's broken and can't be closed.
It's broken and can't be closed.
It's broken and can't be closed.
It's broken and can't be closed.
It's broken and can't be closed.
It's broken and can't be closed.
It's broken and can't be closed.
It's broken and can't be closed.
It's broken and can't be closed.
It's broken and can't be closed.
It's broken and can't be closed.
It's broken and can't be closed.
It's broken and can't be closed.
You see here a scroll labelled PIV MASINUOL.
There is an open door here.
You see here an adder corpse.
You see here a javelin.
The necrophage hits you.
You closely miss the necrophage. The necrophage completely misses you.
You closely miss the necrophage. The necrophage hits you!
* * * LOW HITPOINT WARNING * * *
You hit the necrophage but do no damage.
The necrophage barely misses you.
You closely miss the necrophage. The necrophage misses you.
You hit the necrophage.
The necrophage is lightly damaged.
You hit the necrophage but do no damage.
The necrophage is lightly damaged.
The necrophage hits you.
You die...

#####++
#.............
#.............
#.............
####+###.............
#...!................
#...@................
#....n...............
#........†...........
#......(##'##........
#....(..#..?#........
#.......#...#....####
#.......#...#n...#
#.......#...#....#
#.......#...'....#


You could see a necrophage.

Vanquished Creatures
  An adder (D:5)
  An orc (D:5)
  2 quokkas (D:5)
4 creatures vanquished.

Notes
Turn   | Place    | Note
-------+----------+-------------------------------------------
     0 | D:5      | ragingrage the Merfolk Delver began the quest for the Orb.
     0 | D:5      | Reached XP level 1. HP: 18/18 MP: 1/1
    44 | D:7      | Noticed a wight
    44 | D:7      | Noticed a wight
    44 | D:7      | Noticed a wight
    64 | D:5      | Noticed an ogre
   105 | D:5      | Noticed a wyvern zombie
   194 | D:5      | Noticed Eustachio
   553 | D:4      | Noticed a scorpion
   720 | D:5      | Noticed a necrophage
   724 | D:5      | Reached XP level 2. HP: 12/24 MP: 2/2
   749 | D:5      | HP: 1/24 [necrophage (7)]
   753 | D:5      | Slain by a necrophage

Illustrated notes

Levels and vault maps discovered:
D:4:      layout_basic, minmay_temple_entry_trees
D:5:      layout_gridville, minivault_19, kennysheep_dice, uniq_menkaure,
          uniq_eustachio, uniq_edmund
D:6:      layout_basic, serial_bayou_pond_d, minmay_between, uniq_sigmund
D:7:      layout_rooms, kennysheep_mini, uniq_harold

Skill      XL: |  1 |
---------------+----+-----
Polearms       | 4 |  4.4
Fighting       | |  3.2
Dodging        | |  2.6
Stealth        | |  5.4

Action                   || total
-------------------------++-------
Melee: Spear             ||    45
Throw: Javelin           ||     2
Armor: Leather armour    ||     3
Dodge: Dodged            ||    21

Table legend: (Time is in decaauts)
 A = Elapsed time spent in this place.
 B = Non-inter-level travel time spent in this place.
 C = Inter-level travel time spent in this place.
 D = Time resting spent in this place.
 E = Time spent auto-exploring this place.
 F = Levels seen in this place.
 G = Mean time per level.
                   A        B        C        D        E       F      G
               +--------+--------+--------+--------+--------+-----+--------+
         Total |    751 |    691 |     60 |    200 |    289 |   4 |  187.8 |
       Dungeon |    751 |    691 |     60 |    200 |    289 |   4 |  187.8 |
               +--------+--------+--------+--------+--------+-----+--------+

Top non-repeatable levels by time:
     D:5: 724 daAuts
     D:6: 23 daAuts
     D:4: 1 daAuts
     D:7: 1 daAuts
